 Dungeon Crawl Stone Soup version 0.26-a0-683-g5206c1d7ac (webtiles) character file.

Game seed: 15549368408257689578

72 marklar909 the Stinger (level 4, -4/30 HPs)
             Began as a Formicid Venom Mage on Oct 23, 2020.
             Slain by a bullfrog zombie (6 damage)
             ... on level 2 of the Dungeon.
             The game lasted 00:03:06 (2412 turns).

marklar909 the Stinger (Formicid Venom Mage)        Turns: 2412, Time: 00:03:07

Health: -4/30      AC:  4    Str: 12    XL:     4   Next: 50%
Magic:  3/8        EV: 12    Int: 16    God:
Gold:   64         SH:  0    Dex: 11    Spells: 5/8 levels left

rFire    . . .     SeeInvis +   (no weapon)
rCold    . . .     Faith    .   (no shield)
rNeg     . . .     Spirit   .   a - +0 robe
rPois    .         Reflect  .   (helmet unavailable)
rElec    .         Harm     .   (no cloak)
rCorr    .         Rampage  .   (no gloves)
MR       .....                  l - +1 pair of boots
Stlth    ++........             c - amulet of magic regeneration
HPRegen  0.10/turn              (no ring)
MPRegen  0.36/turn              (no ring)

@: invisible
A: permanent stasis, dig shafts and tunnels, four strong arms, antennae 3
a: Dig, Shaft Self


You were on level 2 of the Dungeon.
You visited 1 branch of the dungeon, and saw 2 of its levels.

You collected 64 gold pieces.

Inventory:

Armour
 a - a +0 robe (worn)
 l - a +1 pair of boots (worn)
 o - a +0 pair of gloves
Jewellery
 c - an amulet of magic regeneration (around neck)
 n - an uncursed ring of wizardry {unknown}
Scrolls
 b - 2 scrolls of remove curse {unknown}
 e - a scroll of amnesia {unknown}
 g - a scroll of magic mapping {unknown}
 h - a scroll of noise {unknown}
 i - a scroll of enchant armour {unknown}
 j - a scroll of fog {unknown}
 k - a scroll of identify {unknown}
Potions
 f - a potion of stabbing {unknown}
 m - a potion of flight {unknown}


   Skills:
 + Level 1.8 Dodging
 + Level 2.8 Stealth
 + Level 2.9 Spellcasting
 + Level 1.6 Transmutations
 + Level 0.7 Air Magic
 + Level 5.2 Poison Magic


You had 5 spell levels left.
You knew the following spells:

 Your Spells              Type           Power        Failure   Level
a - Sting                 Tmut/Pois      ##..         4%          1
b - Poisonous Vapours     Pois/Air       ##....       9%          2

Your spell library contained the following spells:

 Spells                   Type           Power        Failure   Level
 Ignite Poison            Fire/Tmut/Pois #.......     22%         3
 Olgreb's Toxic Radiance  Pois           ###.....     22%         4
 Mephitic Cloud           Conj/Pois/Air  #.......     26%         3


Dungeon Overview and Level Annotations

Branches:
Dungeon (2/15)

Altars:
Zin


Innate Abilities, Weirdness & Mutations

You cannot be hasted, slowed, berserked, paralysed or teleported.
You can dig through walls and to a lower floor.
Your four strong arms can wield two-handed weapons with a shield.
You have a pair of large antennae on your head. (SInv)


Message History

Aim: a bullfrog zombie (moderately damaged)
The sting hits the bullfrog zombie.
The bullfrog zombie partially resists.
The bullfrog zombie is heavily damaged.
The bullfrog zombie closely misses you. The bullfrog zombie hits you.
* * * LOW HITPOINT WARNING * * *
Unknown command.
Casting: Sting (safe; 4% risk of failure)
Confirm with . or Enter, or press ? or * to list all spells.
Aiming: Sting (safe; 4% risk of failure)
Press: ? - help, Shift-Dir - straight line, f/p - bullfrog zombie
Aim: a bullfrog zombie (heavily damaged)
The sting hits the bullfrog zombie.
The bullfrog zombie partially resists.
The bullfrog zombie is heavily damaged.
The bullfrog zombie hits you.
* * * LOW HITPOINT WARNING * * *
Unknown command.
It was a potion of invisibility.
You fade into invisibility!
The bullfrog zombie hits you.
You die...

.....#....)...............##
#.##.#...##............>....
#.##.#...##.####...###.##.#.
#...........# #...# #.##.#.
#........#### #...# #.##...
#.##.#...# #...# #.####.
#.##.#...# ##.## #.####.
#........########.# #...... ###
##..###.#.)Z@...##.# ####### ..#
#.....#.#.#####....# #.....
#.###.###...#.#####.########.####
#.....# #.###.##................#
#####.###.# #.##.##....#####(##.#
#.....# ........##.# #.....
####### .###.#####.# #..... . #
#.# #.##.# #.# #.#.#.


You could see a bullfrog zombie.

Vanquished Creatures
  2 adders (D:2)
  An ooze (D:1)
  A worm (D:2)
  3 leopard geckos
  2 giant cockroaches (D:1)
  4 goblins (D:1)
  8 hobgoblins
  8 jackals
  3 bats
  2 frilled lizards (D:1)
  3 kobolds (D:1)
  4 rats
41 creatures vanquished.

Notes
Turn   | Place    | Note
-------+----------+-------------------------------------------
     0 | D:1      | marklar909 the Formicid Venom Mage began the quest for the
                  | Orb.
     0 | D:1      | Reached XP level 1. HP: 13/13 MP: 3/3
   434 | D:1      | Reached XP level 2. HP: 19/19 MP: 1/5
   678 | D:1      | Learned a level 2 spell: Poisonous Vapours
   774 | D:1      | Reached XP level 3. HP: 24/24 MP: 2/6
  1989 | D:2      | Found a glowing silver altar of Zin.
  2054 | D:2      | Reached XP level 4. HP: 23/30 MP: 1/8
  2199 | D:2      | Reached skill level 5 in Poison Magic
  2412 | D:2      | Slain by a bullfrog zombie

Illustrated notes

Levels and vault maps discovered:
D:1:      ncdulo_wetmaze, layout_loops_corners, serial_forest,
          infiniplex_forest_clump_small, infiniplex_forest_lined_room_2,
          infiniplex_forest_clump_cross, infiniplex_forest_clump_C,
          infiniplex_forest_lined_room_3, infiniplex_forest_straight_3,
          infiniplex_forest_end_2, infiniplex_forest_clump_small,
          infiniplex_forest_lined_corner, infiniplex_forest_clump_curved
D:2:      layout_loops_cross, old_standard_altar

Skill      XL: |  1  2  3  4 |
---------------+-------------+-----
Poison Magic   | 5 |  5.2
Dodging        | |  1.8
Stealth        | |  2.8
Spellcasting   | |  2.9
Transmutations | |  1.6
Air Magic      | |  0.7

Action                   |  1- 3 |  4- 6 || total
-------------------------+-------+-------++-------
Melee: Unarmed           |     1 |     7 ||     8
 Cast: Sting             |    41 |    17 ||    58
       Poisonous Vapours |    19 |     9 ||    28
  Use: Potion            |       |     1 ||     1
Armor: Robe              |     2 |     8 ||    10
Dodge: Dodged            |    23 |    16 ||    39

Table legend: (Time is in decaauts)
 A = Elapsed time spent in this place.
 B = Non-inter-level travel time spent in this place.
 C = Inter-level travel time spent in this place.
 D = Time resting spent in this place.
 E = Time spent auto-exploring this place.
 F = Levels seen in this place.
 G = Mean time per level.
                   A        B        C        D        E       F      G
               +--------+--------+--------+--------+--------+-----+--------+
         Total |   2418 |   2326 |     92 |    325 |   1630 |   2 | 1209.0 |
       Dungeon |   2418 |   2326 |     92 |    325 |   1630 |   2 | 1209.0 |
               +--------+--------+--------+--------+--------+-----+--------+

Top non-repeatable levels by time:
     D:1: 1704 daAuts
     D:2: 713 daAuts
